 Dungeon Crawl Stone Soup version 0.17.1-3-g152610e (webtiles) character file.

569 Enish the Caller (level 7, -7/41 HPs)
             Began as an Octopode Summoner on Mar 19, 2016.
             Mangled by a cyan ugly thing (14 damage)
             ... on level 5 of the Dungeon.
             The game lasted 00:20:10 (5845 turns).

Enish the Caller (Octopode Summoner)                Turns: 5845, Time: 00:20:10

Health: -7/41      AC:  1    Str:  9    XL:     7   Next: 33%
Magic:  23/23      EV: 13    Int: 19    God:
Gold:   142        SH:  0    Dex: 17    Spells: 4 memorised, 6 levels left

rFire  . . .     SeeInvis .     a - +0 spear
rCold  . . .     Clarity  .     (no shield)
rNeg   + . .     SustAt   .     (helmet restricted)
rPois  .         Gourm    .     k - amulet of warding
rElec  .         Spirit   .     c - ring of magical power
rCorr  .         Warding  +     q - +2 ring of strength
rMut   .         Stasis   .     F - +4 ring of dexterity
MR     .....                    (no ring)
Stlth  +++.......               (no ring)
                                (no ring)
                                (no ring)
                                (no ring)

@: not resistant to hostile enchantments, fairly stealthy
A: almost no armour, amphibious, 8 rings, constrict 8, camouflage 1, sense
surroundings 1, gelatinous body 1
a: no special abilities


You were on level 5 of the Dungeon.
You were not hungry.

You visited 1 branch of the dungeon, and saw 6 of its levels.

You collected 367 gold pieces.
You spent 225 gold pieces at shops.

Inventory:

Hand Weapons
 a - a +0 spear (weapon)
 b - a +0 blowgun
Missiles
 d - 2 needles of slowing
 p - 35 poisoned needles
 z - 7 curare-tipped needles
Armour
 E - a +0 shield
Magical Staves
 y - an uncursed staff of cold
Jewellery
 c - a ring of magical power (left tentacle)
 k - an amulet of warding (around mantle)
 q - a +2 ring of strength (right tentacle)
 F - a +4 ring of dexterity (on tentacle)
Wands
 u - a wand of fire (11)
 A - a wand of random effects (24)
Scrolls
 t - a scroll of fog
 v - a scroll of recharging
 w - a scroll of noise {unknown}
 x - a scroll of fear {unknown}
 C - a scroll of enchant armour {unknown}
 D - a scroll of amnesia {unknown}
 G - a scroll of teleportation
 H - a scroll of remove curse
Potions
 e - a potion of might
 f - a potion of flight
 g - a potion of lignification
 h - 3 potions of curing
 i - 2 potions of brilliance
 j - a potion of resistance
 l - a potion of heal wounds
 m - 2 potions of degeneration
Books
 r - a book of Callings

   Spells                             Type                      Level
   a - Summon Small Mammal            Summoning                    1
   b - Call Imp                       Summoning                    2
   c - Call Canine Familiar           Summoning                    3
   d - Summon Guardian Golem          Hexes/Summoning              3
   e - Summon Lightning Spire         Summoning/Air                4
   f - Summon Ice Beast               Ice/Summoning                4
Comestibles
 n - 2 beef jerkies
 o - 6 bread rations
 s - 3 meat rations
 B - 8 fruits
 I - 3 chunks of flesh


   Skills:
 - Level 2.0 Dodging
 - Level 2.6 Stealth
 * Level 5.2 Spellcasting
 * Level 6.7 Summonings


You had 6 spell levels left.
You knew the following spells:

 Your Spells              Type           Power        Failure   Level  Hunger
a - Summon Small Mammal   Summ           ####         1%          1    None
b - Call Imp              Summ           ####....     1%          2    #......
c - Call Canine Familiar  Summ           ####....     1%          3    ##.....
d - Summon Ice Beast      Ice/Summ       ###.....     34%         4    ####...


Dungeon Overview and Level Annotations

Branches:
Dungeon (6/15)
 Temple: D:4-7

Altars:
Cheibriados
Elyvilon
Kikubaaqudgha
Makhleb
Qazlal
Yredelemnul
The Shining One


Innate Abilities, Weirdness & Mutations

You cannot wear most types of armour.
You are amphibious.
You can wear up to eight rings at the same time.
You can use your tentacles to constrict eight enemies at once.
Your skin changes colour to match your surroundings (Stealth).
Your rubbery body absorbs attacks (AC +1).
You passively map a small area around you.


Message History

Your hound closely misses the cyan ugly thing.
Your hound barely misses the cyan ugly thing.
The cyan ugly thing closely misses you.
Your magical contamination has completely faded away.
Your hound closely misses the cyan ugly thing.
Your hound bites the cyan ugly thing.
The cyan ugly thing closely misses your hound.
Your hound barely misses the cyan ugly thing.
Your hound bites the cyan ugly thing but does no damage.
There is an open door here.
Your hound closely misses the cyan ugly thing.
As you close the door, it creaks loudly!
A cyan ugly thing opens the door.
Unknown command.
You close the door.
A cyan ugly thing opens the door.
Your hound closely misses the cyan ugly thing.
The cyan ugly thing tail-slaps you!
* * * LOW HITPOINT WARNING * * *
The cyan ugly thing shocks you!
You die...

#....................
#.....#########......
#...[.#.......#......
#.....#.......#......
#####.).#.......#......
#.'_'.).#.......#......
#.###...h.......#......
#.#....u#.......#......
#.....@.#.......#######
###.....#.........)....
#.....#..............
#.....#..............
#.....#..............
#.....#..............
#.....#..............
#.....#..............
#.....#......[##.....


You could see a cyan ugly thing and a friendly hound.

Vanquished Creatures
  A phantom (D:5)
  A hound (D:4)
  A worker ant (D:4)
  An adder (D:4)
  2 giant geckos
  An orc (D:5)
  2 giant cockroaches
  2 hobgoblins
  4 jackals (D:6)
  A kobold (D:2)
  2 bats
  4 goblins
  A jackal skeleton (D:4)
  5 rats
28 creatures vanquished.

Vanquished Creatures (collateral kills)
  The ghost of Venard the Sneak, an amateur SpAs (D:4)
  2 phantoms (D:4)
  A water moccasin zombie (D:5)
  A hound (D:4)
  An orc priest (D:5)
  2 orc wizards (D:5)
  A worker ant (D:4)
  7 gnolls
  7 adders
  2 adder skeletons
  2 worms (D:3)
  2 giant geckos
  7 orcs
  2 ball pythons
  4 giant cockroaches
  7 goblins
  9 hobgoblins
  6 jackals
  2 quokkas
  5 bats
  3 giant newts
  7 kobolds
  5 rats
86 creatures vanquished.

Vanquished Creatures (others)
  A quokka (D:4)
1 creature vanquished.

Grand Total: 115 creatures vanquished

Notes
Turn   | Place    | Note
--------------------------------------------------------------
     0 | D:1      | Enish the Octopode Summoner began the quest for the Orb.
     0 | D:1      | Reached XP level 1. HP: 11/11 MP: 3/3
   219 | D:1      | Reached XP level 2. HP: 9/17 MP: 3/5
   243 | D:1      | Learned a level 2 spell: Call Imp
   483 | D:1      | Found a glowing golden altar of the Shining One.
  1353 | D:1      | Reached XP level 3. HP: 14/21 MP: 7/7
  1358 | D:1      | Learned a level 3 spell: Call Canine Familiar
  1695 | D:2      | Found a burning altar of Makhleb.
  1808 | D:2      | Found a stormy altar of Qazlal.
  2058 | D:2      | Noticed a balrug
  2091 | D:2      | Noticed an orange demon
  2091 | D:2      | Noticed a hellwing
  2245 | D:3      | Reached XP level 4. HP: 27/27 MP: 8/8
  2658 | D:3      | Found a faded altar to an unknown god.
  2692 | D:3      | Reached skill level 5 in Summonings
  3493 | D:4      | Found a white marble altar of Elyvilon.
  3494 | D:4      | Noticed Venard's ghost (amateur SpAs)
  3508 | D:4      | Killed Venard's ghost
  3508 | D:4      | Reached XP level 5. HP: 31/31 MP: 10/10
  3514 | D:4      | Learned a level 4 spell: Summon Ice Beast
  3579 | D:4      | Found a snail-covered altar of Cheibriados.
  3586 | D:4      | Found an ancient bone altar of Kikubaaqudgha.
  3819 | D:4      | Noticed a phantom
  3883 | D:4      | Killed a phantom
  3883 | D:4      | Reached XP level 6. HP: 27/36 MP: 12/12
  3972 | D:4      | Noticed a phantom
  4049 | D:4      | Killed a phantom
  4049 | D:4      | Reached skill level 6 in Summonings
  4651 | D:4      | Found Oram's Food Shop.
  4659 | D:4      | Bought a bread ration for 50 gold pieces
  4659 | D:4      | Bought 4 fruits for 60 gold pieces
  4659 | D:4      | Bought a bread ration for 50 gold pieces
  4659 | D:4      | Bought a beef jerky for 15 gold pieces
  4659 | D:4      | Bought a meat ration for 50 gold pieces
  4726 | D:5      | Entered Level 5 of the Dungeon
  4848 | D:5      | Reached XP level 7. HP: 20/41 MP: 14/14
  5030 | D:5      | Reached skill level 5 in Spellcasting
  5298 | D:5      | Gained mutation: You passively map a small area around you. [potion of beneficial mutation]
  5543 | D:5      | Found a glowing golden altar of the Shining One.
  5686 | D:4      | Found a basalt altar of Yredelemnul.
  5797 | D:6      | Noticed a green ugly thing
  5845 | D:5      | Mangled by a cyan ugly thing

Action                   |  1- 3 |  4- 6 |  7- 9 || total
-------------------------+-------+-------+-------++-------
Melee: Unarmed           |    38 |     2 |       ||    40
       Spear             |       |    27 |    31 ||    58
 Fire: Blowgun           |       |    12 |       ||    12
 Cast: Summon Small Mamm |    11 |       |       ||    11
       Call Imp          |    20 |     9 |     6 ||    35
       Call Canine Famil |    13 |    24 |     6 ||    43
       Summon Ice Beast  |       |       |     1 ||     1
  Use: Scroll            |     4 |     5 |     3 ||    12
       Potion            |       |     1 |     1 ||     2
 Stab: Sleeping          |     1 |     8 |     1 ||    10
       Distracted        |       |     3 |     1 ||     4
  Eat: Chunk             |     6 |     9 |     4 ||    19
       Pizza             |       |     1 |       ||     1
